 Dungeon Crawl Stone Soup version 0.30.0 (webtiles) character file.

Game seed: 9489056903040084125

49 Dani the Shooter (level 3, 0/20 HPs)
             Began as a Deep Elf Artificer on May 11, 2023.
             Was a Follower of Ru.
             Succumbed to an adder's poison
             ... on level 2 of the Dungeon.
             The game lasted 00:05:03 (938 turns).

Dani the Shooter (Deep Elf Artificer)                Turns: 938, Time: 00:05:04

Health: 0/20       AC:  5    Str:  9    XL:     3   Next: 53%
Magic:  5/5        EV: 10    Int: 15    God:    Ru [*.....]
Gold:   60         SH:  0    Dex: 17    Spells: 2/2 levels left

rFire   . . .        c - +0 rapier
rCold   . . .        (no shield)
rNeg    . . .        f - +0 ring mail
rPois   .            (no helmet)
rElec   .            (no cloak)
rCorr   .            (no gloves)
SInv    .            (no boots)
Will    .....        h - amulet of faith
Stlth   +            (no ring)
HPRegen 0.23/turn    (no ring)
MPRegen 0.09/turn

%: faith
@: mighty, lethally poisoned (0 -> -4), flying
A: hated by all
a: Renounce Religion


You were on level 2 of the Dungeon.
You worshipped Ru.
Ru was aware of your devotion.
You visited 1 branch of the dungeon, and saw 2 of its levels.

You collected 60 gold pieces.

Inventory:

Hand Weapons
 a - a +0 club
 c - a +0 rapier (weapon)
   (You found it on level 1 of the Dungeon)
Armour
 b - a +0 leather armour
 f - a +0 ring mail (worn)
   (You found it on level 1 of the Dungeon)
Jewellery
 h - an amulet of faith (around neck)
   (You found it on level 1 of the Dungeon)
Wands
 d - a wand of charming (15)
 I - a wand of iceblast (5)
 V - a wand of flame (12) (quivered)
Scrolls
 e - a scroll of enchant weapon {unknown}
 j - a scroll of fog {unknown}


   Skills:
 - Level 0.7 Fighting
 + Level 4.4 Ranged Weapons
 - Level 0.7 Armour
 - Level 2.4 Dodging
 - Level 1.2 Stealth
 - Level 3.2 Evocations


You had 2 spell levels left.
You didn't know any spells.
Your spell library was empty.

Dungeon Overview and Level Annotations

Branches:
Dungeon (2/15)

Altars:
Ru


Innate Abilities, Weirdness & Mutations

You are hated by all.


Message History

No target in view!
No target in view!
Search for what [? for help]? ranged Can't find anything matching that.
Things that are here:
a +0 club; a goblin corpse Key pressed, stopping explore.
Key pressed, stopping explore.
A bat comes into view.
The bat hits you but does no damage. The bat barely misses you.
You miss the bat. The bat hits you but does no damage.
You barely miss the bat. The bat barely misses you.
The bat hits you but does no damage. The bat barely misses you.
You closely miss the bat. The bat closely misses you. The bat hits you.
You hit the bat.
The bat is moderately wounded.
The bat barely misses you. The bat barely misses you.
A bat is nearby!
A bat is nearby!
The bat hits you.
You hit the bat.
You kill the bat!
No target in view!
No target in view!
HP restored.
j - a scroll labelled HOOTIRPH ZUHA You now have 60 gold pieces (gained 7).
Found a stone staircase leading down.
An adder comes into view.
The adder hisses angrily.
There is a stone staircase leading down here.
Aiming: Throw Flame
Press: ? - help, Shift-Dir - straight line, f - adder
Aim: an adder (53% to hit)
Okay, then.
You hit the adder.
The adder is moderately wounded.
The adder bites you but does no damage.
You hit the adder but do no damage.
The adder is moderately wounded.
The adder is stunned by your conviction and fails to attack.
The adder barely misses you.
You barely miss the adder.
The adder is moderately wounded.
The adder bites you but does no damage. x2
You hit the adder.
The adder is severely wounded.
The adder bites you but does no damage. x2
You barely miss the adder.
The adder is severely wounded.
The adder bites you.
You are poisoned.
The adder poisons you!
You closely miss the adder.
The adder is severely wounded.
You feel sick. The adder bites you.
* * * LOW HITPOINT WARNING * * *
You are more poisoned.
The adder poisons you!
A ball python comes into view.
The adder bites you.
* * * LOW HITPOINT WARNING * * *
You are lethally poisoned!
The adder poisons you!
Aiming: Throw Flame
Press: ? - help, Shift-Dir - straight line, f - adder
Aim: an adder (severely wounded, 53% to hit)
The puff of flame hits the adder.
The adder is almost dead.
* * * LOW HITPOINT WARNING * * *
You feel very sick. The adder barely misses you.
Aiming: Throw Flame
Press: ? - help, Shift-Dir - straight line, f/p - adder
Aim: an adder (almost dead, 53% to hit)
The puff of flame hits the adder.
You kill the adder!
* * * LOW HITPOINT WARNING * * *
You feel very sick.
It was a potion of might.
You feel very mighty all of a sudden.
* * * LOW HITPOINT WARNING * * *
You feel sick.
It was a potion of flight.
You feel very buoyant.
You fly up into the air.
* * * LOW HITPOINT WARNING * * *
You feel sick.
Aiming: Throw Flame
Press: ? - help, Shift-Dir - straight line, f - ball python
Aim: a ball python (68% to hit)
The puff of flame hits the ball python.
You kill the ball python!
* * * LOW HITPOINT WARNING * * *
You feel sick.
You aren't carrying any potions.
You die...

###.### .. ......# ...
....#.# #.#†#.# #...#.#
##..#.# ##..#.#
########## #####
......###........#......
##.###......#..>@†.# #.#
#.##.#.#.##†#.#
#.###.##.#.#.##.# #
#........#.#.##..
#####.####.#.####.
#.####.#.# .# #......#..
# ##########


There were no monsters in sight!

Vanquished Creatures
  An adder (D:2)
  A gnoll (D:1)
  5 ball pythons
  4 bats
  5 endoplasms
  4 giant cockroaches (D:1)
  2 goblins
  A hobgoblin (D:1)
  A quokka (D:1)
  A frilled lizard (D:1)
  4 rats
29 creatures vanquished.

Notes
Turn   | Place    | Note
-------+----------+-------------------------------------------
     0 | D:1      | Dani the Deep Elf Artificer began the quest for the Orb.
     0 | D:1      | Reached XP level 1. HP: 11/11 MP: 3/3
    57 | D:1      | Reached skill level 1 in Ranged Weapons
    96 | D:1      | Reached skill level 2 in Ranged Weapons
   142 | D:1      | Reached XP level 2. HP: 16/16 MP: 4/4
   244 | D:1      | Reached skill level 3 in Ranged Weapons
   380 | D:1      | Reached XP level 3. HP: 17/20 MP: 5/5
   573 | D:1      | Found a faded altar of an unknown god.
   576 | D:1      | Prayed at the altar of an unknown god.
   576 | D:1      | Became a worshipper of Ru the Awakened
   582 | D:1      | Gained mutation: You are hated by all. [Ru sacrifice]
   582 | D:1      | Reached * piety under Ru
   832 | D:2      | Reached skill level 4 in Ranged Weapons
   934 | D:2      | HP: 5/20 [poisoned by an adder]
   937 | D:2      | HP: 1/20 [poisoned by an adder]
   938 | D:2      | Succumbed to an adder's poison

Illustrated notes

Levels and vault maps discovered:
D:1:      tarquinn_simple_flora_water_c, layout_rooms,
          shapermc_ecumenical_altar_mp_vishouse
D:2:      layout_loops_cross

Skill      XL: |  1  2  3 |
---------------+----------+-----
Ranged Weapons | 2 3 4 |  4.4
Fighting       | |  0.7
Armour         | |  0.7
Dodging        | |  2.4
Stealth        | |  1.2
Evocations     | |  3.2

Action                     || total
---------------------------++-------
  Melee: Rapier            ||    71
  Throw: Boomerang         ||    35
 Invoke: Sacrifice Love    ||     1
  Evoke: Wand              ||     3
    Use: Potion            ||     2
   Stab: Sleeping          ||     1
 Armour: Ring mail         ||    57
  Dodge: Dodged            ||    59

Levels and vault maps discovered:
D:1:      tarquinn_simple_flora_water_c, layout_rooms,
          shapermc_ecumenical_altar_mp_vishouse
D:2:      layout_loops_cross

Table legend: (Time is in decaauts)
 A = Elapsed time spent in this place.
 B = Non-inter-level travel time spent in this place.
 C = Inter-level travel time spent in this place.
 D = Time resting spent in this place.
 E = Time spent auto-exploring this place.
 F = Levels seen in this place.
 G = Mean time per level.
                   A        B        C        D        E       F      G
               +--------+--------+--------+--------+--------+-----+--------+
         Total |    963 |    922 |     41 |      5 |    567 |   2 |  481.5 |
       Dungeon |    963 |    922 |     41 |      5 |    567 |   2 |  481.5 |
               +--------+--------+--------+--------+--------+-----+--------+

Top non-repeatable levels by time:
     D:1: 711 daAuts
     D:2: 252 daAuts

Table legend:
 A = Kills in this place as a percentage of kills in the entire game.
 B = Kills by you in this place as a percentage of kills by you in the entire game.
 C = Kills by friends in this place as a percentage of kills by friends in the entire game.
 D = Other kills in this place as a percentage of other kills in the entire game.
 E = Experience gained in this place as a percentage of experience gained in the entire game.
 F = Experience gained in this place divided by the number of levels of this place that you have seen.
                   A       B       C       D       E      F
               +-------+-------+-------+-------+-------+----------------------
         Total | 100.0 | 100.0 |   N/A |   N/A | 100.0 |  35.5
       Dungeon | 100.0 | 100.0 |   N/A |   N/A | 100.0 |  35.5
               +-------+-------+-------+-------+-------+----------------------
